Match 39621093
Unlisted

Match 39621093
End
Panzergrenadier Squad
Selects Panzerjäger Kommand Battlegroup
250 Light Carrier
Panzergrenadier Squad
Kradschützen Motorcycle Team
Panzergrenadier Squad
Selects Mine Fields
Construct Light Support Kompanie
Selects GrB 39 Grenade Launcher Requisition
2.5-tonne Medical Truck
Panzerjäger Mechanized Group
Selects Early Warning
Early Warning
Fire Support Elements
Construct Panzerarmee Kommand
Pak 38 Anti-tank Gun Team
le.IG 18 Mechanized Group
Walking Stuka Rocket Launcher
Selects Butterfly Bomb Drop
Selects Crew Shock Tactics
Butterfly Bomb Drop
Vehicle Survival Package
2.5-tonne Medical Truck
Walking Stuka Rocket Launcher
Butterfly Bomb Drop
Assault Mechanized Group
Butterfly Bomb Drop
Panzerpioneer Squad
Butterfly Bomb Drop
Flak 36 Anti-tank Gun Team
Panzerpioneer Squad
Armored Reserves
Tiger Heavy Tank
Selects Elefant Tank Destroyer
Panzergrenadier Squad
Der schöne Bob
[RN] Friedus
pp123p
juand400
Vetkin
HelpingHans
Random_Target
Turtleboy
0
0

Comments sign in to comment!

No comments posted yet!